 Dungeon Sprint DCSS version 0.27-a0-819-g058290f16d (webtiles) character file.

Game seed: 10236574387188148205

9323 rocky1 the Earth Mage (level 11, -7/67 HPs)
             Began as a Gargoyle Earth Elementalist on Mar 30, 2021.
             Was a High Priest of Sif Muna.
             Mangled by Urug
             ... wielding a +5 battleaxe
              (29 damage)
             ... in the Dungeon (Sprint III: "The Ten Rune Challenge").
             The game lasted 00:21:18 (1934 turns).

rocky1 the Earth Mage (Gargoyle Earth Elementalist) Turns: 1934, Time: 00:21:18

Health: -7/67      AC: 10    Str: 11    XL:     11   Next: 44%
Magic:  9/26       EV: 15    Int: 22    God:    Sif Muna [*****.]
Gold:   57         SH:  0    Dex: 10    Spells: 18/32 levels left

rFire    + . .     SeeInvis .   a - +0 club
rCold    . . .     Faith    .   (no shield)
rNeg     + . .     Spirit   .   c - +0 robe
rPois    ∞         Reflect  .   (no helmet)
rElec    +         Harm     .   (no cloak)
rCorr    .         Rampage  .   (no gloves)
Will     .....     NoTele   +   (no boots)
Stlth    +.........             (no amulet)
HPRegen  1.21/turn              (no ring)
MPRegen  0.20/turn              (no ring)

@: no status effects
A: AC +8, negative energy resistance 1, electricity resistance, torment
resistance 1, unbreathing 1, petrification resistance, hooves 2, clever 1, fire
resistance 1, regeneration 1, evolution 1
a: Renounce Religion, Channel Magic, Forget Spell, Divine Exegesis


You were in the Dungeon.
You worshipped Sif Muna.
Sif Muna was extremely pleased with you.
You visited 1 branch You collected 57 gold pieces.

Inventory:

Hand Weapons
 a - a +0 club (weapon)
 e - a +2 dire flail of distortion
 q - a +1 quarterstaff of freezing
Missiles
 b - 13 stones
 p - 7 curare-tipped darts
Armour
 c - a +0 robe (worn)
Scrolls
 i - a scroll of blinking
 j - a scroll of holy word {unknown}
 k - a scroll of summoning {unknown}
 n - a scroll of immolation {unknown}
 o - a scroll of vulnerability {unknown}
Potions
 d - 2 potions of curing
 f - a potion of haste
 g - a potion of magic
 l - 2 potions of flight
 m - 2 potions of mutation
Miscellaneous
 h - a condenser vane


   Skills:
 - Level 7.0 Fighting
 + Level 9.6 Dodging
 - Level 2.1 Stealth
 - Level 0.3 Unarmed Combat
 + Level 11.0 Spellcasting
 + Level 7.4 Conjurations
 + Level 4.5 Transmutations
 + Level 3.4 Fire Magic
 + Level 16.7 Earth Magic
 - Level 11.4 Invocations
 - Level 7.6 Evocations


You had 18 spell levels left.
You knew the following spells:

 Your Spells              Type           Power      Damage    Failure   Level
a - Sandblast             Erth           100%       2d20      0%          1
b - Stone Arrow           Conj/Erth      100%       3d13      1%          3
c - Lee's Rapid Deconstr  Erth           36%        3d19*     1%          5
d - Bolt of Magma         Conj/Fire/Erth 25%        4d12      3%          5

Your spell library contained the following spells:

 Spells                   Type           Power      Damage    Failure   Level
 Foxfire                  Conj/Fire      100%       2x1d9     1%          1
 Passwall                 Tmut/Erth      46%        N/A       1%          2
 Searing Ray              Conj           90%        3d6       1%          2
 Conjure Flame            Conj/Fire      36%        6-21      1%          3
 Leda's Liquefaction      Hex/Erth       24%        N/A       1%          4
 Petrify                  Tmut/Erth      56%        N/A       1%          4
 Borgnjor's Vile Clutch   Necr/Erth      24%        N/A       4%          5
 Animate Skeleton         Necr           24%        N/A       5%          1
 Corona                   Hex            13%        N/A       5%          1
 Pain                     Necr           48%        1d6       5%          1
 Sticky Flame             Conj/Fire      36%        2d6       6%          4
 Iron Shot                Conj/Erth      30%        9d6       6%          6
 Iskenderun's Battlesphe  Conj           45%        2d10      7%          5
 Poisonous Vapours        Pois/Air       24%        N/A       9%          2
 Slow                     Hex            12%        N/A       9%          2
 Inner Flame              Hex/Fire       19%        N/A       9%          3
 Hailstorm                Conj/Ice       28%        3d8       12%         4
 Confusing Touch          Hex            12%        N/A       16%         3
 Gell's Gravitas          Tloc           6%         N/A       16%         3
 Portal Projectile        Hex/Tloc       24%        N/A       16%         3
 Vampiric Draining        Necr           6%         2d6       16%         3
 Fireball                 Conj/Fire      18%        3d9       16%         5
 Animate Dead             Necr           6%         N/A       47%         4
 Yara's Violent Unravell  Hex/Tmut       11%        3d6       52%         5
 Agony                    Necr           12%        N/A       83%         5
 Manifold Assault         Tloc           12%        N/A       83%         5
 Metabolic Englaciation   Hex/Ice        6%         N/A       83%         5
 Shatter                  Erth           36%        3d29*     99%         9
 Invisibility             Hex            12%        N/A       100%        6
 Malign Gateway           Summ/Tloc      6%         N/A       100%        7


Dungeon Overview and Level Annotations

Branches:
Dungeon (1/1)

Altars:
Cheibriados
Dithmenos
Elyvilon
Fedhas
Gozag
Hepliaklqana
Kikubaaqudgha
Makhleb
Nemelex Xobeh
Okawaru
Qazlal
Ru
Sif Muna
Trog
Uskayaw
Vehumet
Wu Jian
Xom
Yredelemnul
Zin
The Shining One
Beogh
Jiyva
Lugonu

Annotations:
D Urug


Innate Abilities, Weirdness & Mutations

Your stone body is resilient. (AC +8)
You are immune to poison.
You resist negative energy. (rN+)
You are resistant to electric shocks. (rElec)
You are resistant to unholy torment.
You can survive without breathing.
You are immune to petrification.
You have hoof-like feet.
Your mind is acute. (Int +2)
Your flesh is heat resistant. (rF+)
Your natural rate of healing is unusually fast.
You evolve.


Message History

Press: ? - help, Dir - move target A rock wall.
The wall shatters!
The blast of rock fragments hits Urug!!
Urug is heavily wounded.
Urug hits you with a +5 battleaxe!
Unknown command.
Casting: Lee's Rapid Deconstruction (safe; 1% risk of failure)
Confirm with . or Enter, or press ? or * to list all spells.
Aiming: Lee's Rapid Deconstruction (safe; 1% risk of failure)
Press: ? - help, Dir - move target A rock wall.
The wall shatters!
The blast of rock fragments hits Urug.
Urug is heavily wounded.
Urug hits you with a +5 battleaxe!
Unknown command.
Casting: Lee's Rapid Deconstruction (safe; 1% risk of failure)
Confirm with . or Enter, or press ? or * to list all spells.
Aiming: Lee's Rapid Deconstruction (safe; 1% risk of failure)
Press: ? - help, Dir - move target A rock wall.
The wall shatters!
The blast of rock fragments hits Urug!!
Urug is severely wounded.
Urug hits you with a +5 battleaxe!
Unknown command.
You feel better. Urug barely misses you.
Unknown command.
Urug hits you with a +5 battleaxe!
* * * LOW HITPOINT WARNING * * *
Unknown command.
Casting: Lee's Rapid Deconstruction (safe; 1% risk of failure)
Confirm with . or Enter, or press ? or * to list all spells.
Aiming: Lee's Rapid Deconstruction (safe; 1% risk of failure)
Press: ? - help, Dir - move target A rock wall.
The wall shatters!
The blast of rock fragments hits Urug!
Urug is almost dead.
Urug misses you.
Unknown command.
Urug hits you with a +5 battleaxe!!
You die...

....#___#__'...#...#..#..##..'^..
▓▓▓▓▓▓▓▓▓▓▓▓▓▓▓▓▓▓▓▓▓▓▓▓▓▓▓▓▓#.^^
♣♣≈≈≈........≈≈≈...#...
+♣♣†♣≈≈≈≈≈≈≈≈≈≈≈≈♣♣P.'..^
#.†♣♣♣♣♣♣♣♣♣♣♣♣♣♣♣♣PP#... #..♣♣
♣♣♣##'# ###†♣♣♣♣♣ #...
♣♣♣♣.##..## #... ♣...##.##@# #...
♣♣.##.##o## #### ♣..#.##...#
♣♣.##.##.o# ♣♣.##.# ### ♣.....#
#######


You could see Urug.

Vanquished Creatures
  Harold (D)
  Erolcha (D)
  Joseph (D)
  A lindwurm (D)
  A deep elf pyromancer (D)
  2 cane toads (D)
  A komodo dragon (D)
  3 wandering mushrooms (D)
  A queen bee (D)
  2 tyrant leeches (D)
  5 redbacks (D)
  A shadow (D)
  A spatial vortex (D)
  A necrophage (D)
  5 two-headed ogres (D)
  A water elemental (D)
  A scorpion (D)
  32 killer bees (D)
  A jelly (D)
  Jessica (D)
  A wizard (D)
  A necromancer (D)
  3 humans (D)
  A kobold demonologist (D)
  An endoplasm (D)
  A rat (D)
71 creatures vanquished.

Vanquished Creatures (others)
  4 plants (D)
4 creatures vanquished.

Grand Total: 75 creatures vanquished

Notes
Turn   | Place    | Note
-------+----------+-------------------------------------------
     0 | D        | rocky1 the Gargoyle Earth Elementalist began the quest for
                  | the Orb.
     0 | D        | Reached XP level 1. HP: 10/10 MP: 3/3
     7 | D        | Reached skill level 4 in Earth Magic
   140 | D        | Noticed Jessica
   143 | D        | Killed Jessica
   144 | D        | Reached skill level 8 in Earth Magic
   144 | D        | Reached XP level 2. HP: 13/15 MP: 0/5
   144 | D        | Reached XP level 3. HP: 17/19 MP: 0/6
   206 | D        | Learned a level 3 spell: Stone Arrow
   232 | D        | Reached skill level 9 in Earth Magic
   294 | D        | Noticed a scorpion
   300 | D        | Killed a scorpion
   301 | D        | Reached skill level 11 in Earth Magic
   301 | D        | Reached XP level 4. HP: 22/24 MP: 2/7
   328 | D        | Gained mutation: You expend magic power (3 MP) to
                  | strengthen your wands. [potion of mutation]
   328 | D        | Gained mutation: You are agile. (Dex +2) [potion of
                  | mutation]
   329 | D        | Lost mutation: You expend magic power (3 MP) to strengthen
                  | your wands. [potion of mutation]
   329 | D        | Lost mutation: You are agile. (Dex +2) [potion of mutation]
   329 | D        | Gained mutation: Your large and strong wings let you fly.
                  | [potion of mutation]
   329 | D        | Gained mutation: You have a pair of small antennae on your
                  | head. [potion of mutation]
   330 | D        | Lost mutation: Your large and strong wings let you fly.
                  | [potion of mutation]
   330 | D        | Gained mutation: You have large cloven feet. [potion of
                  | mutation]
   330 | D        | Gained mutation: You do not regenerate when monsters are
                  | visible. [potion of mutation]
   330 | D        | Gained mutation: You have hoof-like feet. [potion of
                  | mutation]
   331 | D        | Lost mutation: You have a pair of small antennae on your
                  | head. [potion of mutation]
   331 | D        | Lost mutation: You do not regenerate when monsters are
                  | visible. [potion of mutation]
   331 | D        | Gained mutation: Your flesh is heat resistant. (rF+)
                  | [potion of mutation]
   331 | D        | Gained mutation: Your natural rate of healing is unusually
                  | fast. [potion of mutation]
   331 | D        | Gained mutation: You evolve. [potion of mutation]
   361 | D        | Noticed a water elemental
   366 | D        | Killed a water elemental
   367 | D        | Reached XP level 5. HP: 15/28 MP: 7/10
   412 | D        | Learned a level 5 spell: Lee's Rapid Deconstruction
   425 | D        | Found a radiant altar of Vehumet.
   425 | D        | Found a shimmering blue altar of Sif Muna.
   425 | D        | Found an ancient bone altar of Kikubaaqudgha.
   438 | D        | Became a worshipper of Sif Muna the Loreminder
   493 | D        | Found a hide-covered altar of Uskayaw.
   493 | D        | Found an iron altar of Okawaru.
   493 | D        | Found a bloodstained altar of Trog.
   493 | D        | Found an ornate altar of the Wu Jian Council.
   493 | D        | Noticed a human
   493 | D        | Noticed a human
   497 | D        | Killed a human
   498 | D        | Reached skill level 5 in Spellcasting
   498 | D        | Reached skill level 12 in Earth Magic
   498 | D        | Reached XP level 6. HP: 29/37 MP: 6/13
   498 | D        | Killed a human
   499 | D        | Reached XP level 7. HP: 35/43 MP: 1/15
   603 | D        | Found a basalt altar of Yredelemnul.
   603 | D        | Found a shadowy altar of Dithmenos.
   603 | D        | Found a sacrificial altar of Ru.
   604 | D        | Reached * piety under Sif Muna
   620 | D        | Found a glowing silver altar of Zin.
   620 | D        | Found a glowing golden altar of the Shining One.
   620 | D        | Found a white marble altar of Elyvilon.
   620 | D        | Noticed a deep elf pyromancer
   622 | D        | Noticed a fire elemental
   622 | D        | Noticed a fire elemental
   622 | D        | Killed a deep elf pyromancer
   623 | D        | Reached skill level 5 in Dodging
   623 | D        | Reached skill level 13 in Earth Magic
   623 | D        | Reached XP level 8. HP: 52/52 MP: 2/18
   719 | D        | Reached ** piety under Sif Muna
   719 | D        | Noticed a shadow
   722 | D        | Killed a shadow
   821 | D        | Found a blossoming altar of Fedhas.
   821 | D        | Found a stormy altar of Qazlal.
   821 | D        | Found a snail-covered altar of Cheibriados.
   821 | D        | Found a burning altar of Makhleb.
   821 | D        | Found a shimmering altar of Xom.
   822 | D        | Found a hazy altar of Hepliaklqana.
   822 | D        | Found an opulent altar of Gozag.
   822 | D        | Found a sparkling altar of Nemelex Xobeh.
   822 | D        | Found a corrupted altar of Lugonu.
   822 | D        | Found a viscous altar of Jiyva.
   912 | D        | Gained mutation: Your mind is acute. (Int +2) [evolution]
   921 | D        | Reached *** piety under Sif Muna
   922 | D        | Reached skill level 1 in Evocations
   924 | D        | Reached skill level 14 in Earth Magic
   934 | D        | Noticed a two-headed ogre
   939 | D        | Killed a two-headed ogre
   940 | D        | Reached XP level 9. HP: 31/57 MP: 3/20
  1045 | D        | Noticed Erolcha
  1045 | D        | Noticed a two-headed ogre
  1051 | D        | Killed Erolcha
  1052 | D        | Killed a two-headed ogre
  1178 | D        | Reached **** piety under Sif Muna
  1181 | D        | Reached skill level 15 in Earth Magic
  1181 | D        | Reached skill level 5 in Evocations
  1285 | D        | Reached ***** piety under Sif Muna
  1285 | D        | Received a gift from Sif Muna
  1287 | D        | Reached XP level 10. HP: 57/63 MP: 21/23
  1289 | D        | Identified Sif Muna's Compendium of the Displaced Rocks
                  | (Sif Muna gifted it to you in the Dungeon)
  1289 | D        | Received a gift from Sif Muna
  1293 | D        | Reached skill level 10 in Invocations
  1295 | D        | Received a gift from Sif Muna
  1300 | D        | Identified Sif Muna's Handbook of Curses and Displacement
                  | (Sif Muna gifted it to you in the Dungeon)
  1300 | D        | Received a gift from Sif Muna
  1445 | D        | Noticed Harold
  1445 | D        | Noticed Joseph
  1451 | D        | Killed Harold
  1452 | D        | Reached skill level 10 in Spellcasting
  1452 | D        | Reached skill level 5 in Conjurations
  1452 | D        | Reached skill level 16 in Earth Magic
  1453 | D        | Killed Joseph
  1454 | D        | Reached XP level 11. HP: 67/67 MP: 3/25
  1757 | D        | Learned a level 5 spell: Bolt of Magma
  1772 | D        | Reached skill level 1 in Fire Magic
  1775 | D        | Identified Sif Muna's Tome of Damaging Air (Sif Muna gifted
                  | it to you in the Dungeon)
  1775 | D        | Received a gift from Sif Muna
  1834 | D        | Noticed a lindwurm
  1836 | D        | Killed a lindwurm
  1923 | D        | Noticed Urug
  1934 | D        | Mangled by Urug

Illustrated notes

Levels and vault maps discovered:
D:        dungeon_sprint_mu [sprint_mu_entry_forest, sprint_mu_temple_rooms,
          sprint_mu_d1_spiders, sprint_mu_d2_genie, sprint_mu_d3_branching,
          sprint_mu_orc_legion, sprint_mu_elf_gauntlet, sprint_mu_hive_nellie,
          sprint_mu_lair_fedhas, sprint_mu_vaults_butterflies,
          sprint_mu_slime_circle, sprint_mu_swamp_cave, sprint_mu_shoals_kraken,
          sprint_mu_blade_basic, sprint_mu_crypt_fortress,
          sprint_mu_tomb_spiral, sprint_mu_vestibule_basic,
          sprint_mu_gehenna_hellfire, sprint_mu_dis_giant,
          sprint_mu_tartarus_statrot, sprint_mu_cocytus_islands, sprint_mu_zot1]

Skill      XL: |  1  2  3  4  5  6  7  8  9 10 11 |
---------------+----------------------------------+-----
Earth Magic    | 8 11 12 13 14 15 16 | 16.7
Spellcasting   | 3 5 6 7 9 10 11 | 11.0
Conjurations   | 3 4 5 7 |  7.4
Fighting       | 3 4 6 7 |  7.0
Dodging        | 3 5 6 7 9 |  9.6
Invocations    | 3 4 6 7 9 11 | 11.4
Evocations     | 2 5 7 |  7.6
Transmutations | 2 4 |  4.5
Fire Magic     | 3 |  3.4
Stealth        | |  2.1
Unarmed Combat | |  0.3

Action                   |  1- 3 |  4- 6 |  7- 9 | 10-12 || total
-------------------------+-------+-------+-------+-------++-------
Melee: Unarmed           |    12 |       |       |       ||    12
       Club              |       |     4 |       |     1 ||     5
       Kick              |       |     2 |       |       ||     2
 Cast: Sandblast         |    14 |     1 |     1 |     1 ||    17
       Lee's Rapid Decon |       |     5 |    28 |    34 ||    67
       Stone Arrow       |       |       |       |     9 ||     9
       Bolt of Magma     |       |       |       |     7 ||     7
Invok: Channel Magic     |       |       |     3 |     5 ||     8
  Use: Potion            |       |     6 |       |     2 ||     8
Armor: Robe              |     3 |     1 |     4 |    10 ||    18
Dodge: Dodged            |     9 |     1 |    14 |    42 ||    66

Table legend: (Time is in decaauts)
 A = Elapsed time spent in this place.
 B = Non-inter-level travel time spent in this place.
 C = Inter-level travel time spent in this place.
 D = Time resting spent in this place.
 E = Time spent auto-exploring this place.
 F = Levels seen in this place.
 G = Mean time per level.
                   A        B        C        D        E       F      G
               +--------+--------+--------+--------+--------+-----+--------+
         Total |   1955 |   1955 |      0 |   1381 |      0 |   1 | 1955.0 |
       Dungeon |   1955 |   1955 |      0 |   1381 |      0 |   1 | 1955.0 |
               +--------+--------+--------+--------+--------+-----+--------+

Top non-repeatable levels by time:
       D: 1955 daAuts
